 Dungeon Crawl Stone Soup version 0.30.0-29-ga12c61a403 (webtiles) character file.

Game seed: 15445489121940982778

840 KamiKatze the Chopper (level 8, 0/42 HPs)
             Began as a Vine Stalker Fighter on June 5, 2023.
             Slain by a lemure (3 damage)
             ... led by Pikel
             ... on level 4 of the Dungeon on June 6, 2023.
             The game lasted 00:10:01 (3030 turns).

KamiKatze the Chopper (Vine Stalker Fighter)        Turns: 3030, Time: 00:10:02

Health: 0/42       AC:  9    Str: 20    XL:     8   Next: 0%
Magic:  0/9        EV: 10    Int:  8    God:
Gold:   216        SH:  5    Dex: 15    Spells: 7/7 levels left

rFire   . . .        a - +0 war axe
rCold   . . .        c - +0 buckler
rNeg    . . .        b - +0 scale mail
rPois   .            n - +0 helmet
rElec   .            C - +0 cloak
rCorr   .            (no gloves)
SInv    .            (no boots)
Will    +....        (no amulet) Stlth
                     (no ring)
HPRegen 1.07/turn    (no ring)
MPRegen 0.11/turn

%: guardian spirit
@: no status effects
A: fangs 3, regeneration 1, magic shield, antimagic bite, no potion heal 2
a: no special abilities


You were on level 4 of the Dungeon.
You visited 1 branch of the dungeon, and saw 5 of its levels.

You collected 216 gold pieces.

Inventory:

Hand Weapons
 a - a +0 war axe (weapon)
 d - a +2 battleaxe of holy wrath
 g - a +0 mace of pain
Missiles
 u - 3 poisoned darts (quivered)
Armour
 b - a +0 scale mail (worn)
 c - a +0 buckler (worn)
 m - a +0 chain mail
 n - a +0 helmet (worn)
 C - a +0 cloak (worn)
Scrolls
 f - a scroll of amnesia {unknown}
 j - 3 scrolls of fog
 s - a scroll of enchant weapon {unknown}
 t - a scroll of blinking {unknown}
 v - a scroll of noise {unknown}
 x - a scroll of immolation {unknown}
 y - 2 scrolls of fear {unknown}
 D - a scroll of poison {unknown}
Potions
 h - a potion of magic {unknown}
 i - a potion of haste {unknown}
 k - a potion of brilliance {unknown}
 l - 2 potions of curing {unknown}
 o - 3 potions of attraction
 q - a potion of lignification {unknown}
 r - 2 potions of heal wounds {unknown}
 w - 2 potions of cancellation {unknown}
 z - 3 potions of flight {unknown}
 A - a potion of mutation {unknown}
 B - a potion of ambrosia {unknown}


   Skills:
 + Level 4.2 Fighting
 * Level 5.0 Axes
 + Level 3.8 Armour
 + Level 2.6 Dodging
 - Level 4.0 Shields
 + Level 0.0 Invocations
 + Level 0.0 Evocations


You had 7 spell levels left.
You didn't know any spells.
Your spell library contained the following spells:

 Spells                   Type           Power      Damage    Failure   Level
 Magic Dart               Conj           0%         1d3       83%         1
 Call Imp                 Summ           0%         N/A       92%         2
 Call Canine Familiar     Summ           0%         N/A       99%         3
 Mephitic Cloud           Conj/Pois/Air  0%         N/A       99%         3
 Portal Projectile        Hex/Tloc       0%         N/A       99%         3
 Leda's Liquefaction      Hex/Erth       0%         N/A       100%        4


Dungeon Overview and Level Annotations

Branches:
Dungeon (5/15)
 Temple: D:4-7

Altars:
Xom
Yredelemnul

Annotations:
D:4 Pikel


Innate Abilities, Weirdness & Mutations

You have razor-sharp teeth.
Your natural rate of healing is unusually fast.
When hurt, damage is shared between your health and your magic reserves.
Your bite disrupts and absorbs the magic of your enemies.
Potions cannot restore your health.


Message History

You hit the fungus but do no damage. You barely miss the lemure.
The lemure hits you! The lemure hits you.
* * * LOW HITPOINT WARNING * * *
The lemure hits you.
* * * LOW HITPOINT WARNING * * *
The lemure hits you.
* * * LOW HITPOINT WARNING * * *
You hit the lemure.
The lemure is severely wounded.
You hit the fungus. You hit the lemure but do no damage.
You completely miss the lemure. You hit the fungus.
The fungus begins to die.
You slash the lemure! The lemure hits you.
* * * LOW HITPOINT WARNING * * *
The lemure hits you.
* * * LOW HITPOINT WARNING * * *
The lemure hits you.
* * * LOW HITPOINT WARNING * * *
The lemure hits you but does no damage.
You hit the lemure.
The lemure is severely wounded.
You closely miss the lemure. You hit the fungus. You hit the lemure. x2
You hit the fungus. The lemure closely misses you. The lemure hits you.
* * * LOW HITPOINT WARNING * * *
You block the lemure's attack. The lemure hits you.
* * * LOW HITPOINT WARNING * * *
The lemure barely misses you.
The lemure hits you but does no damage. x2
The lemure hits you.
* * * LOW HITPOINT WARNING * * *
You hit the lemure but do no damage.
The lemure is severely wounded.
You hit the fungus. You hit the lemure but do no damage.
You completely miss the lemure. You hit the fungus. You hit the lemure.
A nearby fungus withers and dies.
The lemure hits you.
* * * LOW HITPOINT WARNING * * *
You block the lemure's attack.
The lemure hits you but does no damage. x2
As you read the scroll labelled BUOF BIKUNT, it crumbles to dust.
The scroll dissolves into smoke.
It was a scroll of fog.
A nearby fungus withers and dies.
The lemure hits you but does no damage. x2
The lemure hits you.
You die...

#.##...............##..##.....
###.######........#'#....##.####
#...# #...........#.#.#.###.#
#.#####...........#.#.#.# #.#
#....##...........#.#...# #.#
#....##...........#.#######.#
##....##......§§.§.#.).).....#
......##..####.55§######...###
....####..# ##5@## #...#
....####.5# #P§5§# #...# #
....'..#..# ##P§§# #...######
....#5.5..# ##.## #...##....
....#..#.## ##.# ####...##.###
....#..#.# #.## #.#######.###
....'..#.## ##.# #.####.......
....##.#..# #.## #.....>##....
##'#...#### ##)## ##.######....


You could see 4 lemures.

Vanquished Creatures
  Grinder (D:3)
  Sigmund (D:4)
  A black bear (D:4)
  2 orc priests (D:4)
  Crazy Yiuf (D:4)
  A hound (D:4)
  Jessica (D:3)
  An orc wizard (D:4)
  Ijyb (D:3)
  A sleepcap (D:4)
  2 adders
  7 gnolls (D:4)
  A worm (D:3)
  3 dart slugs (D:1)
  8 orcs
  6 ball pythons
  4 endoplasms
  4 giant cockroaches
  7 goblins
  6 hobgoblins
  4 jackals (D:1)
  5 kobolds
  2 quokkas
  5 bats
  3 frilled lizards
  2 rats
80 creatures vanquished.

Notes
Turn   | Place    | Note
-------+----------+-------------------------------------------
     0 | D:1      | KamiKatze the Vine Stalker Fighter began the quest for the
                  | Orb.
     0 | D:1      | Reached XP level 1. HP: 11/11 MP: 2/2
   168 | D:1      | Reached skill level 2 in Axes
   168 | D:1      | Reached XP level 2. HP: 16/16 MP: 3/3
   446 | D:1      | You fall into a shaft and drop 1 floor!
   453 | D:2      | Reached XP level 3. HP: 19/19 MP: 4/4
  1599 | D:3      | Noticed Grinder
  1617 | D:3      | Killed Grinder
  1618 | D:3      | Reached skill level 3 in Axes
  1618 | D:3      | Reached skill level 1 in Dodging
  1618 | D:3      | Gained mutation: Your natural rate of healing is unusually
                  | fast. [Vine Stalker growth]
  1618 | D:3      | Reached XP level 4. HP: 14/24 MP: 5/5
  1618 | D:3      | Reached XP level 5. HP: 17/28 MP: 6/6
  1618 | D:3      | Reached XP level 6. HP: 19/32 MP: 7/7
  1682 | D:3      | Noticed Jessica
  1694 | D:3      | Killed Jessica
  1828 | D:3      | Noticed Ijyb
  1849 | D:3      | Killed Ijyb
  2112 | D:4      | Noticed Sigmund
  2114 | D:4      | Noticed a black bear
  2118 | D:4      | Killed Sigmund
  2119 | D:4      | Reached skill level 4 in Axes
  2119 | D:4      | Reached XP level 7. HP: 35/37 MP: 8/8
  2143 | D:4      | Found a basalt altar of Yredelemnul.
  2151 | D:4      | Found a shimmering altar of Xom.
  2271 | D:4      | Found a runed translucent door.
  2272 | D:4      | Noticed Crazy Yiuf
  2280 | D:4      | Killed Crazy Yiuf
  2528 | D:4      | Noticed Pikel
  2586 | D:5      | Entered Level 5 of the Dungeon
  2781 | D:4      | Reached skill level 5 in Axes
  2781 | D:4      | Gained mutation: You have razor-sharp teeth. [Vine Stalker
                  | growth]
  2781 | D:4      | Reached XP level 8. HP: 41/42 MP: 9/9
  3028 | D:4      | HP: 2/42 [lemure[Pikel] (2)]
  3030 | D:4      | Slain by a lemure

Illustrated notes

Levels and vault maps discovered:
D:1:      eino_arrival_cavern_d, layout_basic, st_stairs_12,
          minmay_misc_feat_plants
D:2:      layout_basic, guppyfry_early_lair_pool
D:3:      layout_basic, interstate_on_off, nrook_uturn, uniq_grinder, uniq_ijyb,
          uniq_jessica
D:4:      layout_basic, overflow_temple_1_default, yredelemnul_altar_generic,
          uniq_pikel, uniq_crazy_yiuf_cottage, uniq_sigmund
D:5:      layout_basic, mainiacjoe_overflow_24_doors,
          mainiacjoe_overflow_boulevard

Skill      XL: |  1  2  3  4  5  6  7 |
---------------+----------------------+-----
Axes           | 2 3 4 5 |  5.0
Shields        | 3 4 |  4.0
Fighting       | 3 4 |  4.2
Armour         | 3 |  3.8
Dodging        | 1 2 |  2.6

Action                     |  1- 3 |  4- 6 |  7- 9 || total
---------------------------+-------+-------+-------++-------
  Melee: War axe           |    93 |    48 |    67 ||   208
         Bite              |    21 |    14 |    20 ||    55
    Use: Potion            |     1 |     1 |       ||     2
         Scroll            |       |       |     3 ||     3
 Armour: Scale mail        |    39 |    23 |    34 ||    96
  Dodge: Dodged            |    40 |    20 |    42 ||   102
  Block: Buckler           |    22 |    15 |    33 ||    70
